 Dungeon Crawl Stone Soup version 0.25.0-9-g26727b657a (webtiles) character file.

Game seed: 2026923873100468084

82 diana the Cudgeler (level 4, 0/34 HPs)
             Began as a Demonspawn Gladiator on June 20, 2020.
             Succumbed to a worker ant's poison
             ... on level 3 of the Dungeon.
             The game lasted 00:01:51 (698 turns).

diana the Cudgeler (Demonspawn Gladiator)            Turns: 698, Time: 00:01:51

Health: 0/34       AC:  4    Str: 15    XL:     4   Next: 21%
Magic:  4/4        EV: 13    Int:  9    God:
Gold:   65         SH:  0    Dex: 15    Spells: 3/3 levels left

rFire    . . .     SeeInvis .   a - +0 flail
rCold    . . .     Gourm    .   (no shield)
rNeg     . . .     Faith    .   b - +0 leather armour
rPois    .         Spirit   .   c - +0 helmet
rElec    .         Reflect  .   (no cloak)
rCorr    .         Harm     .   (no gloves)
MR       .....                  (no boots)
Stlth    +.........             (no amulet)
HPRegen  0.11/turn              (no ring)
MPRegen  0.09/turn              (no ring)

@: lethally poisoned (0 -> -1)
A: talons 2, rot immunity
a: no special abilities


You were on level 3 of the Dungeon.
You were not hungry.

You visited 1 branch of the dungeon, and saw 3 of its levels.

You collected 65 gold pieces.

Inventory:

Hand Weapons
 a - a +0 flail (weapon)
Missiles
 d - 3 throwing nets (quivered)
Armour
 b - a +0 leather armour (worn)
 c - a +0 helmet (worn)
Scrolls
 e - a scroll of blinking
 h - 2 scrolls of remove curse
Comestibles
 g - 9 chunks of flesh


   Skills:
 + Level 2.8 Fighting
 + Level 3.2 Maces & Flails
 - Level 1.7 Throwing
 + Level 1.5 Armour
 + Level 3.2 Dodging


You had 3 spell levels left.
You didn't know any spells.
Your spell library was empty.

Dungeon Overview and Level Annotations

Branches:
Dungeon (2/15)

Altars:
Elyvilon


Innate Abilities, Weirdness & Mutations

You have razor-sharp toenails.
You are immune to rotting.


Message History

You feel sick.
Your transformation is almost over.
* * * LOW HITPOINT WARNING * * *
You feel sick.
You sock the goblin!
You kill the goblin!
A bat comes into view.
* * * LOW HITPOINT WARNING * * *
You feel sick. The bat hits you but does no damage.
You closely miss the bat. The bat hits you but does no damage. x2
* * * LOW HITPOINT WARNING * * *
You feel sick. The bat hits you but does no damage.
The bat hits you but does no damage. x2
You sock the bat!
You kill the bat!
You feel less wooden.
Your +0 helmet unmelds from your body.
Your +0 leather armour unmelds from your body.
You die...

.. ... .# .. . ##
.... .. ... .#.
.⌠. .... .. ..?.
..... .#.....
......####...._..
........@).#
......####.......
..... .#.⌠.⌠.
.... .. .... ...
.#. ... .# h...
.. ## #. . a.


There were no monsters in sight!

Vanquished Creatures
  A worker ant (D:3)
  2 adders
  A worm (D:2)
  3 dart slugs
  2 leopard geckos
  A ball python (D:1)
  2 giant cockroaches (D:1)
  3 goblins
  3 hobgoblins
  2 jackals (D:3)
  6 bats
  A frilled lizard (D:2)
  A kobold (D:1)
  2 rats (D:2)
30 creatures vanquished.

Notes
Turn   | Place    | Note
-------+----------+-------------------------------------------
     0 | D:1      | diana the Demonspawn Gladiator began the quest for the Orb.
     0 | D:1      | Reached XP level 1. HP: 16/16 MP: 1/1
   313 | D:1      | Gained mutation: You have sharp toenails. [demonic
                  | ancestry]
   313 | D:1      | Reached XP level 2. HP: 19/22 MP: 2/2
   381 | D:1      | You fall into a shaft and drop 1 floor!
   409 | D:2      | Reached skill level 1 in Armour
   506 | D:2      | Gained mutation: You are immune to rotting. [demonic
                  | ancestry]
   506 | D:2      | Reached XP level 3. HP: 25/28 MP: 3/3
   635 | D:2      | You fall into a shaft and drop 1 floor!
   635 | D:3      | Found a white marble altar of Elyvilon.
   670 | D:3      | Gained mutation: You have razor-sharp toenails. [demonic
                  | ancestry]
   670 | D:3      | Reached XP level 4. HP: 8/34 MP: 4/4
   681 | D:3      | HP: 2/51 [poisoned by a worker ant]
   687 | D:3      | HP: 1/51 [poisoned by a worker ant]
   694 | D:3      | HP: 1/51 [poisoned by a worker ant]
   698 | D:3      | Succumbed to a worker ant's poison

Illustrated notes

Levels and vault maps discovered:
D:1:      dpeg_arrival_water_fire, layout_loops_ring, okawaru_ov_weapons_minmay
D:2:      wad_pebble_path, layout_rooms, nicolae_overflow_crystal_walls
D:3:      layout_rooms, minivault_11, minmay_misc_feat_encased, elyvilon_altar_5

Skill      XL: |  1  2 |
---------------+-------+-----
Maces & Flails | 3 |  3.2
Dodging        | 3 |  3.2
Armour         | 1 |  1.5
Fighting       | |  2.8
Throwing       | |  1.7

Action                   |  1- 3 |  4- 6 || total
-------------------------+-------+-------++-------
Melee: Flail             |    83 |     6 ||    89
       Kick              |    18 |       ||    18
  Use: Potion            |     1 |       ||     1
       Scroll            |       |     3 ||     3
 Stab: Sleeping          |     1 |       ||     1
  Eat: Ration            |       |     1 ||     1
Armor: Leather armour    |    28 |       ||    28
       Skin              |     6 |    10 ||    16
Dodge: Dodged            |    76 |       ||    76
